 Dungeon Sprint DCSS version 0.15-a0-94-g674142f (webtiles) character file.

3700000 Egon the Slayer (level 18, -10/181 HPs)
             Began as a Demonspawn Gladiator on Apr 9, 2014.
             Was the Champion of Makhleb.
             Mangled by The Servant
             ... wielding a +9,+9 glaive of flaming
              (29 damage)
             ... in the Dungeon (Sprint VIII: "Arena of Blood").
             The game lasted 00:02:59 (37 turns).

Egon the Slayer (Demonspawn Gladiator)                Turns: 37, Time: 00:03:01

HP -10/181       AC  7     Str 16      XL: 18   Next: 75%
MP  14/38        EV 34     Int 10      God: Makhleb [******]
Gold 0           SH  6     Dex 21      Spells:  0 memorised, 17 levels left

rFire  . . .     SeeInvis .     l - +∞ Axe of Woe
rCold  . . .     Clarity  .     b - +0 leather armour
rNeg   . . .     Conserve .     (no shield)
rPois  .         rCorr    .     (helmet unavailable)
rElec  .         rRot     +     (no cloak)
SustAb . .       Spirit   .     (no gloves)
rMut   .         Warding  .     (no boots)
Saprov + . .     NoTele   +     (no amulet)
MR     +....                    (no ring)
                                (no ring)

@: somewhat resistant to hostile enchantments, uncannily stealthy
A: horns 3, large bone plates 3, foul stench 1, nightstalker 2, saprovore 1
a: Minor Destruction, Lesser Servant of Makhleb, Major Destruction, Greater
Servant of Makhleb, Renounce Religion


You were in the Dungeon.
You worshipped Makhleb.
Makhleb was exalted by your worship.
You were not hungry.

You visited 1 branch

Inventory:

Hand weapons
 a - a +0,+0 war axe
 l - the +∞,+∞ Axe of Woe (weapon)
   (You found it in the Dungeon)
Missiles
 d - 3 throwing nets (quivered)
Armour
 b - a +0 leather armour (worn)
 c - a +0 helmet
Comestibles
 f - a bread ration
Potions
 e - a potion of curing
 g - a potion of heal wounds
 h - a potion of haste
 i - 2 potions of magic
 j - a potion of berserk rage


   Skills:
 + Level 26.8 Fighting
 + Level 25.1 Axes
 - Level 1.7 Throwing
 + Level 25.1 Dodging
 + Level 26.8 Stealth
 + Level 20.5 Unarmed Combat
 + Level 22.8 Invocations


You had 17 spell levels left.
You didn't know any spells.

Dungeon Overview and Level Annotations

Branches:
Dungeon (1/1)

Altars:
Makhleb

Annotations:
D The Servant


Innate Abilities, Weirdness & Mutations

You have a pair of large horns on your head.
You are completely covered in large bone plates (AC +4, SH +6).
You emit a foul stench, and are resistant to rotting and decay.
You are significantly more attuned to the shadows.
You can tolerate rotten meat.


Message History

You feel a little better.
Your Unarmed Combat skill increases to level 20!
Your Invocations skill increases to level 22!
You hear a shout!
The destroyer blinks!
You hear a shout! x2
A bag of meat comes into view. It is wielding a +9,+9 war axe.
You slice the bag of meat!!
You butcher the bag of meat messily.
You kill the bag of meat!
Makhleb accepts your kill.
You feel a little better.
Your Axes skill increases to level 25!
Your Dodging skill increases to level 25!
You hear a shout! x2
The Servant is engulfed in roaring flames.
The Servant hits you from afar with a +9,+9 glaive of flaming!
Ouch! That really hurt!
* * * LOW HITPOINT WARNING * * *
The Servant burns you!
You die...

............###......
.....#........_......
....#...V.).#.....#
##.........)#_.<._#
#....#.....))#.....#..
.......#...))))._......
o.......o§§..).###......
.......§V###.... ..###.
o....§.§§§@#.......#
...o.....)#.......#
#.......o@........
#.#...oo.......
#............ #........
...#.


You could see The Servant, a destroyer and 5 bags of meat.

Vanquished Creatures
  2 hill giants (D)
  6 ogres (D)
  16 orcs (D)
24 creatures vanquished.

Notes
Turn   | Place    | Note
--------------------------------------------------------------
     0 | D        | Egon, the Demonspawn Gladiator, began the quest for the Orb.
     0 | D        | Reached XP level 1. HP: 16/16 MP: 1/1
     4 | D        | Became a worshipper of Makhleb the Destroyer
     5 | D        | Noticed a bag of meat
     7 | D        | Noticed a bag of meat
     7 | D        | Noticed a bag of meat
     7 | D        | Noticed a bag of meat
     7 | D        | Noticed a bag of meat
     8 | D        | Noticed a bag of meat
     8 | D        | Killed a bag of meat
     8 | D        | Reached skill level 14 in Fighting
     8 | D        | Gained mutation: You can tolerate rotten meat. [demonic ancestry]
     8 | D        | Reached XP level 2. HP: 19/42 MP: 2/2
     8 | D        | Reached XP level 3. HP: 21/48 MP: 3/3
     8 | D        | Gained mutation: You have a pair of small horns on your head. [demonic ancestry]
     8 | D        | Reached XP level 4. HP: 24/55 MP: 4/4
     8 | D        | Reached XP level 5. HP: 26/61 MP: 5/5
     8 | D        | Gained mutation: You have a pair of horns on your head. [demonic ancestry]
     8 | D        | Reached XP level 6. HP: 28/68 MP: 6/6
     8 | D        | Reached XP level 7. HP: 30/74 MP: 7/7
     8 | D        | Reached XP level 8. HP: 32/81 MP: 8/8
     8 | D        | Reached XP level 9. HP: 34/87 MP: 9/9
     8 | D        | Reached XP level 10. HP: 36/94 MP: 10/10
     8 | D        | Gained mutation: You are slightly more attuned to the shadows. [demonic ancestry]
     8 | D        | Reached XP level 11. HP: 38/100 MP: 11/11
     9 | D        | Noticed a bag of meat
     9 | D        | Killed a bag of meat
     9 | D        | Acquired Makhleb's first power
     9 | D        | Reached skill level 16 in Fighting
     9 | D        | Reached skill level 15 in Axes
     9 | D        | Reached skill level 15 in Stealth
     9 | D        | Gained mutation: You have a pair of large horns on your head. [demonic ancestry]
     9 | D        | Reached XP level 12. HP: 40/111 MP: 12/12
    10 | D        | Noticed a bag of meat
    10 | D        | Noticed a bag of meat
    10 | D        | Killed a bag of meat
    10 | D        | Reached skill level 17 in Fighting
    10 | D        | Gained mutation: You emit a foul stench, and are resistant to rotting and decay. [demonic ancestry]
    10 | D        | Reached XP level 13. HP: 6/120 MP: 13/13
    10 | D        | Killed a bag of meat
    10 | D        | Reached skill level 18 in Fighting
    11 | D        | Noticed a meat berserker
    12 | D        | Killed a bag of meat
    12 | D        | Acquired Makhleb's second power
    12 | D        | Reached skill level 19 in Fighting
    12 | D        | Reached skill level 5 in Unarmed Combat
    12 | D        | Gained mutation: You are significantly more attuned to the shadows. [demonic ancestry]
    12 | D        | Reached XP level 14. HP: 124/133 MP: 14/14
    12 | D        | Killed a meat berserker
    12 | D        | Killed a bag of meat
    12 | D        | Reached skill level 20 in Fighting
    12 | D        | Reached XP level 15. HP: 139/142 MP: 15/15
    13 | D        | Noticed a bag of meat
    13 | D        | Killed a bag of meat
    13 | D        | Acquired Makhleb's third power
    14 | D        | Noticed a meat berserker
    15 | D        | Noticed a bag of meat
    15 | D        | Noticed a bag of meat
    15 | D        | Killed a bag of meat
    15 | D        | Reached skill level 21 in Fighting
    15 | D        | Killed a bag of meat
    15 | D        | Reached skill level 22 in Fighting
    16 | D        | Killed a bag of meat
    16 | D        | Acquired Makhleb's fourth power
    16 | D        | Gained mutation: You are partially covered in large bone plates (AC +2, SH +2). [demonic ancestry]
    16 | D        | Reached XP level 16. HP: 150/155 MP: 10/26
    17 | D        | Killed a bag of meat
    17 | D        | Reached skill level 10 in Invocations
    17 | D        | Killed a meat berserker
    17 | D        | Reached skill level 23 in Fighting
    17 | D        | Reached skill level 15 in Unarmed Combat
    18 | D        | Killed a bag of meat
    22 | D        | Noticed a bag of meat
    22 | D        | Noticed a meat berserker
    23 | D        | Noticed a meat berserker
    23 | D        | Noticed a bag of meat
    23 | D        | Noticed a bag of meat
    24 | D        | Noticed a bag of meat
    24 | D        | Noticed a bag of meat
    24 | D        | Noticed a bag of meat
    25 | D        | Noticed a meat berserker
    25 | D        | Noticed a bag of meat
    25 | D        | Noticed a bag of meat
    25 | D        | Noticed a bag of meat
    26 | D        | Noticed a large bag of meat
    26 | D        | Killed a meat berserker
    26 | D        | Acquired Makhleb's fifth power
    26 | D        | Reached skill level 15 in Invocations
    26 | D        | Gained mutation: You are mostly covered in large bone plates (AC +3, SH +4). [demonic ancestry]
    26 | D        | Reached XP level 17. HP: 162/165 MP: 12/33
    29 | D        | Killed a meat berserker
    29 | D        | Reached skill level 24 in Fighting
    29 | D        | Killed a bag of meat
    30 | D        | Killed a large bag of meat
    30 | D        | Reached skill level 25 in Fighting
    31 | D        | Noticed a meat berserker
    31 | D        | Noticed a bag of meat
    31 | D        | Killed a bag of meat
    31 | D        | Killed a meat berserker
    31 | D        | Gained mutation: You are completely covered in large bone plates (AC +4, SH +6). [demonic ancestry]
    31 | D        | Reached XP level 18. HP: 175/177 MP: 13/37
    32 | D        | Noticed a destroyer
    32 | D        | Noticed a large bag of meat
    32 | D        | Noticed a bag of meat
    33 | D        | Noticed a destroyer
    33 | D        | Noticed a bag of meat
    33 | D        | Noticed The Servant
    33 | D        | Noticed a bag of meat
    34 | D        | Killed a meat berserker
    35 | D        | Noticed a bag of meat
    36 | D        | Noticed a bag of meat
    36 | D        | Killed a large bag of meat
    36 | D        | Reached skill level 26 in Fighting
    36 | D        | Killed a bag of meat
    37 | D        | Noticed a bag of meat
    37 | D        | Killed a bag of meat
    37 | D        | Mangled by The Servant

Action                   |  1- 3 |  4- 6 |  7- 9 | 10-12 | 13-15 | 16-18 || total
-------------------------+-------+-------+-------+-------+-------+-------++-------
Melee: Executioner's axe |     1 |       |       |     2 |     4 |     9 ||    16
Invok: Major Destruction |       |       |       |       |       |     1 ||     1
